 Dungeon Crawl Stone Soup version 0.29-a0-723-gce39da1c22 (webtiles) character file.

Game seed: 7783232225243660251

6321 buhh the Thaumaturge (level 11, -4/79 HPs)
             Began as a Djinni Transmuter on June 28, 2022.
             Was a Priest of Cheibriados.
             Slain by Urug
             ... wielding a +0 demon trident of electrocution
              (21 damage)
             ... on level 10 of the Dungeon.
             The game lasted 00:26:19 (11372 turns).

buhh the Thaumaturge (Djinni Transmuter)           Turns: 11372, Time: 00:26:20

Health: -4/79      AC: 10    Str: 20    XL:     11   Next: 16%
Gold:   296        EV: 24    Int: 28    God:    Cheibriados [***...] SH:  0 Dex: 21

rFire   + + .      SeeInvis .     - Unarmed
rCold   x . .      Faith    .   (no shield)
rNeg    . . .      Spirit   .   E - +3 troll leather armour {Pargi}
rPois   ∞          Reflect  .   (no helmet)
rElec   .          Harm     .   c - +0 cloak
rCorr   .          Rampage  .   u - +0 pair of gloves {Str+3}
Will    +....                   (boots unavailable)
Stlth   ++........              (no amulet)
HPRegen 1.03/turn               l - +4 ring of evasion
MPRegen 0.00/turn               b - +4 ring of evasion

@: about to teleport, flying, very slow
A: sickness immunity, fire resistance 2, cold vulnerability 1, float, innate
caster, HP casting, extra vitality 1
a: Renounce Religion, Bend Time, Temporal Distortion


You were on level 10 of the Dungeon.
You worshipped Cheibriados.
Cheibriados was most pleased with you.
You visited 2 branches of the dungeon, and saw 11 of its levels.
You also visited: Sewer.

You collected 483 gold pieces.
You spent 187 gold pieces at shops.

Inventory:

Missiles
 d - 17 poisoned darts
 w - 6 atropa-tipped darts
 H - a curare-tipped dart
Armour
 c - a +0 cloak (worn)
 u - a +0 pair of gloves of strength (worn)
 E - a +3 troll leather armour (worn) {Pargi}
Magical Staves
 B - a staff of air
Jewellery
 b - a +4 ring of evasion (right hand)
 k - a ring of fire
 l - a +4 ring of evasion (left hand)
 v - a ring of protection from fire
 D - a ring of positive energy
Wands
 f - a wand of flame (16)
 F - a wand of iceblast (9)
 G - a wand of paralysis (5)
Scrolls
 g - a scroll of identify {!d}
 i - 2 scrolls of acquirement {unknown}
 p - a scroll of poison
 s - a scroll of torment {unknown}
 t - 3 scrolls of teleportation {!d}
 y - 3 scrolls of enchant weapon {unknown}
 A - a scroll of summoning {unknown}
 C - a scroll of noise {unknown}
 P - 4 scrolls of magic mapping {!r!d}
 Q - a scroll of fog
Potions
 a - 2 potions of haste {unknown}
 e - a potion of invisibility {unknown}
 j - a potion of mutation {unknown}
 m - 2 potions of flight {unknown}
 o - a potion of magic {unknown}
 q - 3 potions of heal wounds {unknown}
 r - a potion of brilliance {unknown}
 x - a potion of ambrosia {unknown}
 z - 4 potions of degeneration {unknown}
 I - a potion of attraction {unknown}
 N - 2 potions of curing {!q!d}


   Skills:
 * Level 7.1 Fighting
 - Level 6.0 Armour
 - Level 7.0 Dodging
 * Level 6.0 Unarmed Combat
 - Level 8.0 Spellcasting
 * Level 2.4 Invocations


You had 4 spell levels left.
You knew the following spells:

 Your Spells              Type           Power      Damage    Failure   Level
a - Beastly Appendage     Tmut           100%       N/A       1%          1
b - Wereblood             Tmut           54%        N/A       1%          2
c - Spider Form           Tmut/Pois      54%        N/A       1%          3
d - Ice Form              Ice/Tmut       54%        N/A       1%          4
e - Slow                  Hex            100%       N/A       1%          1
f - Passwall              Tmut/Erth      45%        N/A       1%          2
g - Static Discharge      Conj/Air       54%        N/A       1%          2
h - Inner Flame           Hex/Fire       54%        N/A       1%          3
i - Animate Dead          Necr           54%        N/A       1%          4
Your spell library was empty.

Dungeon Overview and Level Annotations

Branches:
Dungeon (10/15) Zot: 40370  Temple (1/1) D:6 Zot: 8978   Sewer (visited)
   Lair: D:8-11         Orc: D:9-12

Altars:
Cheibriados
Fedhas
Gozag
Hepliaklqana
Kikubaaqudgha
Okawaru
Qazlal
Ru
Uskayaw
Vehumet
Wu Jian
Xom
Zin

Shops:
D:4 (   D:6 [

Annotations:
D:10 Urug


Innate Abilities, Weirdness & Mutations

You are immune to sickness and miasma.
You are immune to poison.
Your flesh is very heat resistant. (rF++)
You are vulnerable to cold. (rC-)
You float through the air rather than walking.
You learn spells naturally, not from books.
Your magical power is your life essence.
You have superior vitality. (+4 MHP)


Message History

The yak is engulfed in poison gas.
The yak is poisoned.
The yak is engulfed in poison gas.
The yak looks even sicker.
The yak misses you.
The yak is engulfed in poison gas.
The yak looks even sicker.
You kill the yak!
Cheibriados thoroughly appreciates the change of pace.
The yak is engulfed in poison gas.
The yak is poisoned.
The yak is engulfed in poison gas.
The yak looks even sicker.
Urug is engulfed in poison gas.
Urug looks even sicker.
Your Unarmed Combat skill increases to level 6!
You hit the yak.
The yak is moderately wounded.
The yak is engulfed in poison gas.
The yak looks even sicker.
The yak completely misses you.
Urug is engulfed in poison gas.
Urug looks as sick as possible!
Urug hits you from afar with a +0 demon trident of electrocution!!
* * * LOW HITPOINT WARNING * * *
Okay, then.
Really read
h - a scroll of fear {!r}?
As you read the scroll of fear {!r}, it crumbles to dust.
You assume a fearsome visage.
Urug resists with almost no effort.
The yak looks frightened! x2; The yak is engulfed in poison gas.
The yak looks as sick as possible!
The yak is poisoned.
Urug is engulfed in poison gas.
Urug looks as sick as possible!
Urug hits you from afar with a +0 demon trident of electrocution!
* * * LOW HITPOINT WARNING * * *
Okay, then.
It was a potion of curing.
You feel better.
N - 2 potions of curing The yak is engulfed in poison gas.
The yak looks as sick as possible!
Cornered, the yak turns to fight!
Urug looks as sick as possible!
Urug completely misses you.
Okay, then.
Okay, then.
As you read the scroll of teleportation {!d}, it crumbles to dust.
You feel strangely unstable.
The yak is engulfed in poison gas.
The yak looks as sick as possible!
The yak completely misses you.
Urug is engulfed in poison gas.
Urug looks as sick as possible!
Urug hits you from afar with a +0 demon trident of electrocution!!
You die...

.......?.# .........#
#..# .........# #).#
.........# #..#
.........# #..#
........Z# #..#
#......!.# #..#
+.......§######°§####.#
##........Y†.§oY@§○§...#
...^......######☼§§§...#
..........# #...°...#
..........# #..####.#
..........# #..# #
..........# #..#
.......)).# #..#
#######.).# #..# #.).#


You could see Urug (extremely poisoned) and 2 yaks.

Vanquished Creatures
  Amaemon (D:8)
  Pikel (D:4)
  An orange demon (D:8)
  Sigmund (D:4)
  A wyvern (D:8)
  3 yaks (D:10)
  Eustachio (D:6)
  A water moccasin (D:7)
  3 sky beasts
  2 orc warriors
  Pargi (Sewer)
  3 black bears
  A centaur (D:8)
  4 ogres
  3 phantoms (D:4)
  2 kobold brigands
  4 bullfrogs
  3 scorpions
  4 wights (D:8)
  10 killer bees
  3 howler monkeys
  2 jellies
  5 hounds
  5 orc priests
  2 gnoll shamans
  6 iguanas
  11 orc wizards
  Ijyb (D:4)
  Terence (D:3)
  Natasha (twice) (D:4)
  9 gnolls
  8 adders
  A white imp (D:8)
  An ufetubus (D:6)
  4 worms
  2 dart slugs
  40 orcs
  8 ball pythons
  4 endoplasms
  5 giant cockroaches
  10 goblins
  4 hobgoblins
  4 jackals (D:3)
  5 quokkas
  9 bats
  5 frilled lizards
  15 kobolds
  9 rats
231 creatures vanquished.

Vanquished Creatures (others)
  A yak zombie (D:10)
1 creature vanquished.

Grand Total: 232 creatures vanquished

Notes
Turn   | Place    | Note
-------+----------+-------------------------------------------
     0 | D:1      | buhh the Djinni Transmuter began the quest for the Orb.
     0 | D:1      | buhh set off with the following spells memorised: Beastly
                  | Appendage, Wereblood, Spider Form, Ice Form.
     0 | D:1      | Reached XP level 1. HP: 17/17 MP: 0/0
   501 | D:1      | Reached XP level 2. HP: 15/22 MP: 0/0
  1589 | D:2      | Reached XP level 3. HP: 26/27 MP: 0/0
  1589 | D:2      | Learned a level 1 spell: Slow
  2001 | D:2      | Reached skill level 2 in Spellcasting
  2361 | D:2      | Reached XP level 4. HP: 33/33 MP: 0/0
  3201 | D:3      | Noticed Terence
  3210 | D:3      | Killed Terence
  3211 | D:3      | Reached XP level 5. HP: 5/40 MP: 0/0
  3211 | D:3      | Learned a level 2 spell: Passwall
  3337 | D:3      | Found a glowing drain.
  3841 | Sewer    | Entered a sewer
  3980 | Sewer    | Noticed Pargi
  4010 | Sewer    | Killed Pargi
  4011 | Sewer    | Reached XP level 6. HP: 26/47 MP: 0/0
  4898 | D:4      | Found a hazy altar of Hepliaklqana.
  5068 | D:4      | Noticed Sigmund
  5083 | D:4      | Killed Sigmund
  5084 | D:4      | Reached XP level 7. HP: 54/54 MP: 0/0
  5084 | D:4      | Learned a level 2 spell: Static Discharge
  5125 | D:4      | Reached skill level 3 in Spellcasting
  5274 | D:4      | Noticed Pikel
  5300 | D:4      | Killed Pikel
  5301 | D:4      | Reached skill level 4 in Spellcasting
  5301 | D:4      | Reached XP level 8. HP: 17/59 MP: 0/0
  5484 | D:4      | Found a stormy altar of Qazlal.
  5808 | D:4      | Reached XP level 9. HP: 43/65 MP: 0/0
  5808 | D:4      | Learned a level 3 spell: Inner Flame
  5874 | D:4      | Noticed Ijyb
  5876 | D:4      | Killed Ijyb
  5928 | D:4      | Found Ynofupip's Weapon Shop.
  6077 | D:4      | Noticed Natasha
  6090 | D:4      | Killed Natasha
  6199 | D:4      | Noticed Natasha
  6207 | D:4      | Killed Natasha
  6208 | D:4      | Reached skill level 5 in Spellcasting
  6365 | D:5      | Entered Level 5 of the Dungeon
  6922 | D:5      | Reached skill level 6 in Spellcasting
  7697 | D:6      | Found a staircase to the Ecumenical Temple.
  7701 | D:6      | Noticed Eustachio
  7717 | D:6      | Killed Eustachio
  7723 | Temple   | Entered the Ecumenical Temple
  7732 | Temple   | Became a worshipper of Cheibriados the Contemplative
  7762 | D:6      | Found Ifusefuk's Antique Armour Shop.
  7771 | D:6      | Bought a pair of embroidered gloves for 187 gold pieces
  8463 | D:7      | Found a shimmering altar of Xom.
  8505 | D:7      | Reached * piety under Cheibriados
  8506 | D:7      | Reached XP level 10. HP: 59/70 MP: 0/0
  8580 | D:7      | Found an ornate altar of the Wu Jian Council.
  8757 | D:7      | Reached skill level 7 in Spellcasting
  9375 | D:8      | Reached ** piety under Cheibriados
  9376 | D:8      | Reached skill level 8 in Spellcasting
  9396 | D:8      | Found an iron altar of Okawaru.
  9469 | D:8      | Noticed Amaemon
  9471 | D:8      | Noticed an orange demon
  9491 | D:8      | Killed Amaemon
  9503 | D:8      | Killed an orange demon
 10485 | D:9      | Reached XP level 11. HP: 71/78 MP: 0/0
 10485 | D:9      | Learned a level 4 spell: Animate Dead
 10568 | D:9      | Reached *** piety under Cheibriados
 10670 | D:9      | Found an opulent altar of Gozag.
 10670 | D:9      | Found a hide-covered altar of Uskayaw.
 11263 | D:10     | Entered Level 10 of the Dungeon
 11279 | D:10     | Identified the +5 hand axe of Infinity {spect, Will+ Int+4}
 11363 | D:10     | Noticed Urug
 11372 | D:10     | Slain by Urug

Illustrated notes

Levels and vault maps discovered:
D:1:      heliophobic_arrival_glass_houses, layout_loops_ring,
          minmay_split_cup_small
D:2:      layout_basic
D:3:      kennysheep_six_static_rooms, layout_basic,
          cheibrodos_sewer_entry_bend, uniq_terence
D:4:      minmay_chambers_of_threes, layout_basic,
          mainiacjoe_overflow_concentric_impassable,
          nicolae_qazlal_general_emergency, serial_curves, eino_curves_02,
          eino_curves_02, eino_curves_01, eino_curves_04, serial_shops,
          nicolae_shop_bloodbath_and_beyond, uniq_natasha, uniq_pikel,
          uniq_sigmund, uniq_ijyb
D:5:      layout_basic
D:6:      layout_loops_ring, minmay_temple_entry_slanted, serial_shops,
          nicolae_stop_n_shop_2, uniq_eustachio
D:7:      layout_layer_cave, brannock_xom_greatest_gift,
          nicolae_overflow_crystal_walls, chequers_serial_rivers_micro_a
D:8:      layout_basic, kennysheep_little_box, minmay_starry_boxes, uniq_amaemon
D:9:      layout_basic, chequers_temple_overflow_statue_of_worship,
          mainiacjoe_overflow_divided_tiny
D:10:     layout_long_grid, kennysheep_mini, corexii_hall_statues_deadend,
          amcnicky_mini_corridor_feature, uniq_urug
Temple:   chequers_temple_sunken

Skill      XL: |  1  2  3  4  5  6  7  8  9 10 11 |
---------------+----------------------------------+-----
Fighting       | 2 3 4 5 6 7 |  7.1
Spellcasting   | 2 4 6 8 |  8.0
Dodging        | 3 4 6 7 |  7.0
Armour         | 2 4 5 6 |  6.0
Unarmed Combat | 5 6 |  6.0
Invocations    | 2 |  2.4

Action                   |  1- 3 |  4- 6 |  7- 9 | 10-12 || total
-------------------------+-------+-------+-------+-------++-------
Melee: Unarmed           |   142 |   319 |   330 |   246 ||  1037
       Headbutt          |    19 |    36 |    12 |       ||    67
       Punch             |     3 |     9 |     5 |       ||    17
 Cast: Beastly Appendage |    23 |    31 |     8 |       ||    62
       Slow              |       |     3 |       |       ||     3
       Spider Form       |       |     1 |    30 |    20 ||    51
       Wereblood         |       |     1 |       |       ||     1
       Ice Form          |       |       |       |     1 ||     1
       Animate Dead      |       |       |       |     1 ||     1
Evoke: Wand              |       |     5 |    10 |    13 ||    28
  Use: Potion            |     1 |       |       |     1 ||     2
       Scroll            |     4 |     6 |     2 |     7 ||    19
 Stab: Sleeping          |     1 |     2 |       |       ||     3
       Paralysed         |       |     8 |    17 |     4 ||    29
Armor: Robe              |    23 |    35 |       |       ||    58
       Skin              |     4 |       |     9 |    10 ||    23
       Troll leather arm |       |    31 |    17 |       ||    48
Dodge: Dodged            |    89 |   332 |   316 |   322 ||  1059

Table legend: (Time is in decaauts)
 A = Elapsed time spent in this place.
 B = Non-inter-level travel time spent in this place.
 C = Inter-level travel time spent in this place.
 D = Time resting spent in this place.
 E = Time spent auto-exploring this place.
 F = Levels seen in this place.
 G = Mean time per level.
                   A        B        C        D        E       F      G
               +--------+--------+--------+--------+--------+-----+--------+
         Total |  12563 |  12115 |    448 |   1296 |   8192 |  12 | 1046.9 |
       Dungeon |  12192 |  11744 |    448 |   1184 |   8164 |  10 | 1219.2 |
        Temple |     17 |     17 |      0 |      0 |      2 |   1 |   17.0 |
         Sewer |    354 |    354 |      0 |    112 |     26 |   1 |  354.0 |
               +--------+--------+--------+--------+--------+-----+--------+

Top non-repeatable levels by time:
     D:1: 1580 daAuts
     D:2: 1558 daAuts
     D:8: 1522 daAuts
     D:4: 1456 daAuts
     D:9: 1454 daAuts
     D:3: 1395 daAuts
     D:5: 1157 daAuts
     D:6: 1028 daAuts
     D:7: 910 daAuts
   Sewer: 354 daAuts
    D:10: 128 daAuts
  Temple: 17 daAuts
